 Dungeon Crawl Stone Soup version 0.26-a0-812-g31a745ddcd (webtiles) character file.

Game seed: 14959031424195457843

36537 nicanaca0 the Severer (level 13, 0/122 HPs)
             Began as a Hill Orc Fighter on Nov 22, 2020.
             Was a Follower of Beogh.
             Slain by an eight-headed hydra (13 damage)
             ... on level 5 of the Lair of Beasts on Nov 23, 2020.
             The game lasted 00:34:48 (19642 turns).

nicanaca0 the Severer (Hill Orc Fighter)           Turns: 19642, Time: 00:34:49

Health: 0/122      AC: 19    Str: 21    XL:     13   Next: 90%
Magic:  19/19      EV:  6    Int:  8    God:    Beogh [*.....]
Gold:   1189       SH:  0    Dex: 13    Spells: 12/12 levels left

rFire    . . .     SeeInvis +   B - +2 hand axe of Duty {vamp, MR+}
rCold    . . .     Faith    .   c - +2 kite shield
rNeg     . . .     Spirit   .   I - +1 plate armour
rPois    .         Reflect  .   b - +2 hat {SInv}
rElec    .         Harm     .   H - scarf {repulsion}
rCorr    .         Rampage  .   (no gloves)
MR       +....                  A - +0 pair of boots
Stlth    ..........             O - amulet of the acrobat
HPRegen  0.30/turn              (no ring)
MPRegen  0.16/turn              (no ring)

@: sleeping, repel missiles
A: no striking features
a: Renounce Religion


You were on level 5 of the Lair of Beasts.
You worshipped Beogh.
Beogh was aware of your devotion.
You visited 2 branches of the dungeon, and saw 18 of its levels.
You also visited: Ossuary.

You collected 1189 gold pieces.

Inventory:

Hand Weapons
 a - a +0 war axe
 B - the +2 hand axe of Duty (weapon) {vamp, MR+}
   (You found it on level 7 of the Dungeon)

   It inflicts no extra harm, but heals its wielder when it wounds a living foe.
   It affects your resistance to hostile enchantments.
Missiles
 m - 47 poisoned darts (quivered)
 w - 8 datura-tipped darts
 E - 6 throwing nets
 M - 3 atropa-tipped darts
Armour
 b - a +2 hat of see invisible (worn)
 c - a +2 kite shield (worn)
 A - a +0 pair of boots (worn)
 H - a scarf of repulsion (worn)
 I - a +1 plate armour (worn)
Jewellery
 O - an amulet of the acrobat (around neck)
Wands
 q - a wand of iceblast (5)
 y - a wand of digging (22)
 F - a wand of random effects (31)
 G - a wand of flame (39)
 N - a wand of polymorph (9)
 P - a wand of disintegration (15)
 Q - a wand of enslavement (11)
Scrolls
 i - 3 scrolls of enchant armour
 j - 2 scrolls of blinking
 k - 7 scrolls of magic mapping
 l - 8 scrolls of remove curse {@r2}
 n - 7 scrolls of teleportation
 o - 3 scrolls of immolation
 p - 2 scrolls of fear
 v - 4 scrolls of identify {@r1}
 C - 4 scrolls of vulnerability
 D - 3 scrolls of fog
 K - 2 scrolls of amnesia
 L - 3 scrolls of summoning
Potions
 d - 4 potions of curing {@q1}
 e - 4 potions of ambrosia
 f - 6 potions of magic
 g - 10 potions of attraction
 h - 2 potions of haste
 r - 4 potions of mutation
 s - 2 potions of cancellation
 t - a potion of lignification
 u - 2 potions of invisibility
 x - 3 potions of heal wounds {@q2}
 z - 3 potions of brilliance
 J - 3 potions of might


   Skills:
 + Level 13.2 Fighting
 + Level 17.2 Axes
 + Level 11.4 Armour
 + Level 11.5 Shields
 - Level 8.0 Invocations


You had 12 spell levels left.
You didn't know any spells.
Your spell library contained the following spells:

 Spells                   Type           Power        Failure   Level
 Magic Dart               Conj           #...         100%        1
 Shock                    Conj/Air       #...         100%        1
 Blink                    Tloc           N/A          100%        2
 Call Imp                 Summ           #.......     100%        2
 Slow                     Hex            #.......     100%        2
 Swiftness                Air            #.......     100%        2
 Confusing Touch          Hex            #.......     100%        3
 Conjure Flame            Conj/Fire      #.......     100%        3
 Gell's Gravitas          Tloc           #.........   100%        3
 Mephitic Cloud           Conj/Pois/Air  #.......     100%        3
 Static Discharge         Conj/Air       #.......     100%        3
 Airstrike                Air            #.........   100%        4
 Petrify                  Tmut/Erth      #.......     100%        4
 Bolt of Magma            Conj/Fire/Erth #.........   100%        5
 Iskenderun's Battlesphe  Conj           #.......     100%        5
 Lightning Bolt           Conj/Air       #.........   100%        5
 Metabolic Englaciation   Hex/Ice        #.........   100%        5
 Yara's Violent Unravell  Hex/Tmut       #.........   100%        5
 Iron Shot                Conj/Erth      #.........   100%        6
 Orb of Destruction       Conj           #.........   100%        7
 Spellforged Servitor     Conj/Summ      #.........   100%        7


Dungeon Overview and Level Annotations

Branches:
Dungeon (13/15)            Temple (0/1) D:6            Lair (5/6) D:9
  Swamp (0/4) Lair:2        Snake (0/4) Lair:3          Orc (0/2) D:12
Ossuary (visited)
  Slime: Lair:5-6    Vaults: D:13-14

Altars:
Ashenzari
Fedhas
Hepliaklqana
Kikubaaqudgha
Nemelex Xobeh
Qazlal
Sif Muna
Trog
Uskayaw
Yredelemnul
The Shining One
Beogh

Shops:
D:8 }=   D:9 :

Portals:
Trove: D:11 (give +5 demon trident)

Annotations:
D:11 1 runed translucent door


Message History

The eight-headed hydra resists with almost no effort.
The eight-headed hydra bites you!
* * * LOW HITPOINT WARNING * * *
You block the eight-headed hydra's attack.
The eight-headed hydra bites you.
* * * LOW HITPOINT WARNING * * *
The eight-headed hydra bites you but does no damage.
You block the eight-headed hydra's attack.
The eight-headed hydra bites you but does no damage. x2
You block the eight-headed hydra's attack.
You block the dream sheep's attack.
The dream sheep bites the fungus.
The dream sheep shake their wool and sparkle.
You feel drowsy...
You fall asleep.
Worak hits the eight-headed hydra with a +0 trident.
A nearby fungus withers and dies.
The eight-headed hydra closely misses you.
The eight-headed hydra bites you but does no damage. x2
The eight-headed hydra barely misses you.
The eight-headed hydra bites you!
You die...

..##..............#
...o.............##
#.................## ### #
P.P....P........#..##..###.P
..###..PP#.......P...PPP....
...##...P##.................
...........................?
............................
...##...........@o..........
...# ..P ..#....YD†$......:.
..... .. #....YY...........
..### #............≈≈≈.. ###
........P.....≈≈≈..
..............≈≈≈..
............#.....
.......#.........
..≈≈≈<.........


You could see an eight-headed hydra, 3 dream sheep and the friendly Worak the
orc warlord.

Vanquished Creatures
  Gastronok (D:8)
  Snorg (Lair:4)
  Harold (D:7)
  5 hydras
  A two-headed ogre (D:12)
  Nergalle (Lair:1)
  3 unseen horrors
  Pikel (D:7)
  A lindwurm (Lair:3)
  An ugly thing (D:12)
  A manticore (D:12)
  A black mamba (Lair:4)
  A torpor snail (Lair:4)
  2 gargoyles
  2 centaur skeletons (D:12)
  3 cane toads
  A kobold demonologist (D:12)
  3 komodo dragons
  A queen bee (Lair:4)
  2 trolls
  2 meliai (Lair:4)
  6 blink frogs
  Grinder (D:4)
  A dream sheep (Lair:4)
  Sigmund (D:5)
  16 yaks
  A wraith (D:9)
  A vampire (D:12)
  A wyvern (D:12)
  A basilisk (D:11)
  Eustachio (D:5)
  2 wargs (D:9)
  Menkaure (Ossuary)
  An acid dragon (D:12)
  Duvessa (D:5)
  5 water moccasins
  4 orc warriors
  2 sky beasts
  2 black bears
  4 ice beasts
  A phantom (D:5)
  4 necrophages (D:8)
  2 ogres
  A wolf (Lair:1)
  4 centaurs
  Blork the orc (D:5)
  3 big kobolds
  8 bullfrogs
  A gnoll sergeant (D:12)
  3 scorpions
  Dowan (D:5)
  3 wights (D:7)
  14 killer bees
  A howler monkey (D:12)
  A centaur zombie (D:6)
  3 bullfrog zombies
  A quasit (D:7)
  5 orc priests
  A bullfrog skeleton (D:9)
  Crazy Yiuf (D:7)
  3 jellies
  6 orc wizards
  5 hounds
  Ijyb (D:3)
  3 iguanas
  11 worker ants
  Terence (D:2)
  2 hound zombies
  A hound skeleton (D:6)
  3 mummies (Ossuary)
  9 gnolls
  13 adders
  A white imp (D:8)
  2 ufetubi
  An ooze (D:1)
  An adder zombie (D:7)
  4 worms
  3 dart slugs
  5 leopard geckos
  17 orcs
  3 ball pythons
  4 giant cockroaches
  5 gnoll zombies (Ossuary)
  11 hobgoblins
  6 jackals (D:4)
  21 kobolds
  7 quokkas
  8 bats
  5 frilled lizards
  3 gnoll skeletons (Ossuary)
  8 goblins
  5 goblin skeletons (Ossuary)
  3 goblin zombies (Ossuary)
  2 hobgoblin skeletons (Ossuary)
  5 hobgoblin zombies (Ossuary)
  A jackal skeleton (D:4)
  8 kobold skeletons (Ossuary)
  4 kobold zombies (Ossuary)
  A leopard gecko zombie (D:7)
  An orc skeleton (Ossuary)
  5 orc zombies (Ossuary)
  3 rats
  6 rat skeletons (Ossuary)
  3 rat zombies (Ossuary)
366 creatures vanquished.

Vanquished Creatures (collateral kills)
  Nessos (Lair:4)
  3 boulder beetles
  A hydra (Lair:4)
  A two-headed ogre (D:8)
  A guardian serpent (Lair:3)
  3 black mambas
  A cane toad (Lair:5)
  3 rime drakes (Lair:4)
  2 komodo dragons
  A meliai (Lair:4)
  7 blink frogs
  3 dream sheep (Lair:5)
  A wraith (D:11)
  29 yaks
  2 wyverns
  A basilisk (Lair:1)
  5 water moccasins
  3 ice beasts
  2 orc warriors (D:8)
  A black bear (D:12)
  A phantom (D:9)
  2 wolves (Lair:1)
  An ogre (D:11)
  A centaur (D:12)
  2 big kobolds
  2 bullfrogs
  A scorpion (D:8)
  3 wights (D:10)
  12 killer bees
  An electric eel (Lair:3)
  A bullfrog zombie (D:9)
  A centaur zombie (D:11)
  A jelly (D:12)
  3 orc priests
  A bullfrog skeleton (D:12)
  2 centaur skeletons
  2 orc wizards
  A worker ant (D:8)
  3 worker ant zombies
  2 adders (D:10)
  A white imp (D:9)
  An adder zombie (D:8)
  An adder skeleton (D:9)
  A leopard gecko (D:8)
  8 orcs
  4 kobolds
  4 bushes
134 creatures vanquished.

Vanquished Creatures (others)
  2 orc warriors
  4 orc priests
  3 orc wizards
  30 orcs
  A kobold (D:7)
  A quokka (D:3)
  A bush (Lair:4)
  17 fungi
  40 plants
99 creatures vanquished.

Grand Total: 599 creatures vanquished

Notes
Turn   | Place    | Note
-------+----------+-------------------------------------------
     0 | D:1      | nicanaca0 the Hill Orc Fighter began the quest for the Orb.
     0 | D:1      | Reached XP level 1. HP: 19/19 MP: 1/1
     8 | D:1      | Reached skill level 3 in Axes
    72 | D:1      | Reached XP level 2. HP: 26/26 MP: 2/2
    92 | D:1      | Reached skill level 4 in Axes
   666 | D:2      | Reached XP level 3. HP: 21/31 MP: 3/3
   815 | D:2      | Reached skill level 5 in Axes
  1028 | D:2      | Found an ancient bone altar of Kikubaaqudgha.
  1096 | D:2      | Noticed Terence
  1109 | D:2      | Killed Terence
  1109 | D:2      | Reached XP level 4. HP: 39/39 MP: 4/4
  1155 | D:2      | Reached skill level 6 in Axes
  1519 | D:3      | Became a worshipper of Beogh the Brigand
  1635 | D:3      | Reached XP level 5. HP: 31/45 MP: 5/5
  1639 | D:3      | Reached skill level 7 in Axes
  1820 | D:3      | Noticed Ijyb
  1829 | D:3      | Killed Ijyb
  2130 | D:3      | You fall into a shaft and drop 3 floors!
  2262 | D:6      | Reached skill level 8 in Axes
  2262 | D:6      | Reached XP level 6. HP: 16/51 MP: 6/6
  2264 | D:6      | HP: 2/51 [orc priest/divine providence (14)]
  2266 | D:6      | Reached * piety under Beogh
  2549 | D:5      | Entered Level 5 of the Dungeon
  2839 | D:4      | Reached skill level 9 in Axes
  2995 | D:4      | Reached XP level 7. HP: 59/59 MP: 7/7
  4334 | D:4      | Noticed Grinder
  4344 | D:4      | Paralysed by Grinder for 2 turns
  4351 | D:4      | Paralysed by Grinder for 2 turns
  4354 | D:4      | Killed Grinder
  4354 | D:4      | Reached skill level 10 in Axes
  4354 | D:4      | Reached XP level 8. HP: 33/67 MP: 8/8
  4585 | D:4      | Reached ** piety under Beogh
  4676 | D:5      | Noticed Blork the orc
  4678 | D:5      | Found a basalt altar of Yredelemnul.
  4683 | D:5      | Killed Blork the orc
  4683 | D:5      | Reached skill level 5 in Fighting
  4916 | D:5      | Noticed Eustachio
  4937 | D:5      | Killed Eustachio
  4961 | D:5      | Noticed Sigmund
  4981 | D:5      | Reached skill level 5 in Armour
  4981 | D:5      | Reached skill level 5 in Shields
  4983 | D:5      | Killed Sigmund
  5379 | D:5      | Reached skill level 11 in Axes
  5550 | D:5      | Noticed Dowan
  5565 | D:5      | Killed Dowan
  5629 | D:5      | Noticed Duvessa
  5653 | D:5      | Killed Duvessa
  5653 | D:5      | Reached XP level 9. HP: 22/75 MP: 9/9
  6192 | D:6      | Found a staircase to the Ecumenical Temple.
  6670 | D:6      | Reached skill level 1 in Invocations
  6928 | D:7      | Noticed Pikel
  6936 | D:7      | Killed Pikel
  6936 | D:7      | Reached skill level 12 in Axes
  6947 | D:7      | Found a sand-covered staircase.
  6956 | Ossuary  | Entered an ossuary
  7190 | Ossuary  | Reached *** piety under Beogh
  7311 | Ossuary  | Noticed Menkaure
  7317 | Ossuary  | Killed Menkaure
  7996 | D:7      | Found a hide-covered altar of Uskayaw.
  7997 | D:7      | Noticed a +0 dagger
  8006 | D:7      | Noticed a +0 dagger
  8061 | D:7      | Reached skill level 13 in Axes
  8070 | D:7      | Reached XP level 10. HP: 41/88 MP: 13/13
  8402 | D:7      | Found a shimmering blue altar of Sif Muna.
  8428 | D:7      | Got an ichor-stained hand axe
  8428 | D:7      | Identified the +2 hand axe of Duty {vamp, MR+} (You found
                  | it on level 7 of the Dungeon)
  8517 | D:7      | Noticed Harold
  8546 | D:7      | Killed Harold
  8546 | D:7      | Reached skill level 5 in Invocations
  8739 | D:7      | Found a runed translucent door.
  8740 | D:7      | Noticed Crazy Yiuf
  8746 | D:7      | Killed Crazy Yiuf
  8982 | D:8      | Found a bloodstained altar of Trog.
  8985 | D:8      | Found a glowing golden altar of the Shining One.
  9070 | D:8      | Noticed a two-headed ogre
  9082 | D:8      | Killed a two-headed ogre
  9082 | D:8      | Gained Bogwik as an ally
  9244 | D:8      | Reached skill level 14 in Axes
  9264 | D:8      | Found Pirphowa's Gadget Shoppe.
  9332 | D:8      | Noticed Gastronok
  9361 | D:8      | Killed Gastronok
  9361 | D:8      | Reached XP level 11. HP: 50/97 MP: 15/15
  9687 | D:8      | Found a blossoming altar of Fedhas.
  9714 | D:8      | Found a roughly hewn altar of Beogh.
  9716 | D:8      | Reached **** piety under Beogh
  9821 | D:8      | Found Wyfecr Higg's Jewellery Emporium.
 10054 | D:9      | Found Vunaisui's Book Emporium.
 10083 | D:9      | Gained Worak as an ally
 10113 | D:9      | Found a staircase to the Lair.
 10169 | D:9      | Reached skill level 10 in Fighting
 10253 | D:9      | Reached ***** piety under Beogh
 10356 | D:9      | Found a stormy altar of Qazlal.
 10560 | D:9      | Found a hazy altar of Hepliaklqana.
 10560 | D:9      | Found a broken altar of Ashenzari.
 10684 | D:10     | Entered Level 10 of the Dungeon
 11022 | D:10     | You fall into a shaft and drop 2 floors!
 11023 | D:12     | Noticed an unseen horror
 11024 | D:12     | Killed an unseen horror
 11024 | D:12     | Reached skill level 15 in Axes
 11075 | D:12     | Noticed an unseen horror
 11086 | D:12     | Killed an unseen horror
 11349 | D:12     | Noticed a manticore
 11361 | D:12     | Killed a manticore
 11474 | D:12     | Noticed a purple ugly thing
 11490 | D:12     | Killed a purple ugly thing
 11491 | D:12     | You fall into a shaft and drop 1 floor!
 11523 | D:12     | Reached XP level 12. HP: 73/108 MP: 16/16
 12379 | D:11     | Noticed a boulder beetle
 12396 | D:11     | Killed a boulder beetle
 12912 | D:11     | Found a glowing golden altar of the Shining One.
 12912 | D:11     | Noticed an angel
 12913 | D:11     | Found a runed translucent door.
 13285 | D:11     | Found a portal to a secret trove of treasure.
 13865 | D:12     | Found a staircase to the Orcish Mines.
 13999 | D:13     | Noticed a two-headed ogre
 13999 | D:13     | Noticed a centaur warrior
 14004 | D:12     | Killed a two-headed ogre
 14205 | Lair:1   | Entered Level 1 of the Lair of Beasts
 14362 | Lair:1   | Noticed a five-headed hydra
 14366 | Lair:1   | Killed a five-headed hydra
 14455 | Lair:1   | Noticed a seven-headed hydra
 14459 | Lair:1   | Killed a seven-headed hydra
 14459 | Lair:1   | Reached skill level 16 in Axes
 14459 | Lair:1   | Reached skill level 10 in Shields
 14592 | Lair:1   | Noticed a seven-headed hydra
 14600 | Lair:1   | Killed a seven-headed hydra
 14600 | Lair:1   | Reached skill level 10 in Armour
 14729 | Lair:1   | Noticed Nergalle
 14739 | Lair:1   | Killed Nergalle
 14892 | Lair:1   | Reached XP level 13. HP: 114/118 MP: 19/19
 15561 | Lair:2   | Found a staircase to the Swamp.
 16492 | Lair:3   | Found a staircase to the Snake Pit.
 18160 | Lair:4   | Found a sparkling altar of Nemelex Xobeh.
 18510 | Lair:4   | Noticed Snorg
 18518 | Lair:4   | Killed Snorg
 18518 | Lair:4   | Reached skill level 17 in Axes
 19305 | Lair:4   | Noticed Nessos
 19315 | Lair:4   | Killed Nessos
 19642 | Lair:5   | Slain by an eight-headed hydra

Illustrated notes

Levels and vault maps discovered:
D:1:      dpeg_arrival_rooms_with_view, layout_rooms, roderic_lattice_a,
          ebering_dispersal_statue_hall
D:2:      layout_rooms, overflow_temple_1_default, uniq_terence
D:3:      layout_loops_ring, chequers_avenue, uniq_ijyb
D:4:      layout_loops_corners, uniq_grinder
D:5:      layout_gridville, overflow_temple_1_default, uniq_duvessa,
          uniq_blork_the_orc, uniq_eustachio, uniq_sigmund
D:6:      layout_loops_cross, minmay_temple_entry_arrows
D:7:      layout_loops_ring, dancing_weapons_uskayaw, led_sif_pool,
          nicolae_ossuary_entry_monument, uniq_crazy_yiuf_cottage, uniq_pikel,
          uniq_harold
D:8:      layout_cave_pools, fedhas_altar_decomposition,
          chequers_temple_overflow_statue_of_worship, special_room
          [special_room_orc], serial_shops,
          nicolae_shop_temple_entry_statues_fountains, shop, uniq_gastronok
D:9:      layout_roguey, grunt_qazlal_sundering,
          amethyst_overflow_temple_binary, erik_lair_orcish_takeover,
          serial_shops, shop_fountains, minmay_fountain_box
D:10:     layout_loops_corners, minmay_statues_item
D:11:     layout_irregular_city, trove_entry_hex_spiral, lemuel_angel_altar
D:12:     layout_loops_ring, orc_0_dummy, grunt_ministairs_7
D:13:     layout_basic, serial_shops, shop_fountains, basic_altar
Lair:1:   layout_concentric_octagons, beast_lair_carwin_2, uniq_nergalle
Lair:2:   layout_cave_pods, swamp_mist_pool, infiniplex_staircase_pool,
          serial_bayou_shore_b
Lair:3:   layout_concentric_octagons, minmay_snake_entry_spellcaster,
          serial_bayou_crossing, serial_bayou_shore_a
Lair:4:   layout_layer_cave, special_room [special_room_bee], basic_altar,
          minmay_shattered_shrine, uniq_nessos, uniq_snorg
Lair:5:   wander_river, layout_gridlike, dpeg_slime_entry_corner

Skill      XL: |  1  2  3  4  5  6  7  8  9 10 11 12 13 |
---------------+----------------------------------------+-----
Axes           | 3 4 5 6 8 9 10 11 13 14 15 16 17 | 17.2
Fighting       | 4 6 7 9 10 12 13 | 13.2
Shields        | 4 5 7 8 10 11 | 11.5
Armour         | 4 5 7 8 10 11 | 11.4
Invocations    | 4 6 8 |  8.0

Action                   |  1- 3 |  4- 6 |  7- 9 | 10-12 | 13-15 || total
-------------------------+-------+-------+-------+-------+-------++-------
Melee: War axe           |   103 |   147 |   446 |     1 |       ||   697
       Hand axe          |       |       |       |   826 |   300 ||  1126
Throw: Dart              |       |       |    14 |     2 |       ||    16
       Throwing net      |       |       |       |     1 |       ||     1
Invok: Convert to Beogh  |       |     1 |       |       |       ||     1
       Smiting           |       |       |     6 |    34 |    23 ||    63
       Recall Orcish Fol |       |       |       |     1 |       ||     1
Evoke: Wand              |       |       |     5 |     3 |     5 ||    13
  Use: Potion            |       |     1 |     5 |     1 |     2 ||     9
       Scroll            |       |       |    14 |    10 |     4 ||    28
 Stab: Distracted        |       |       |       |     8 |     4 ||    12
Armor: Scale mail        |    18 |       |       |       |       ||    18
       Chain mail        |    48 |    75 |   178 |    74 |       ||   375
       Skin              |       |       |       |    36 |       ||    36
       Plate armour      |       |       |       |   171 |   141 ||   312
Dodge: Dodged            |    24 |    30 |    92 |    91 |    65 ||   302
Block: Kite shield       |    54 |    69 |   244 |   356 |   197 ||   920

Table legend: (Time is in decaauts)
 A = Elapsed time spent in this place.
 B = Non-inter-level travel time spent in this place.
 C = Inter-level travel time spent in this place.
 D = Time resting spent in this place.
 E = Time spent auto-exploring this place.
 F = Levels seen in this place.
 G = Mean time per level.
                   A        B        C        D        E       F      G
               +--------+--------+--------+--------+--------+-----+--------+
         Total |  19383 |  18645 |    738 |   1919 |  13630 |  19 | 1020.2 |
       Dungeon |  13410 |  12846 |    564 |   1381 |   9114 |  13 | 1031.5 |
          Lair |   5351 |   5178 |    173 |    337 |   4316 |   5 | 1070.2 |
       Ossuary |    621 |    621 |      0 |    201 |    200 |   1 |  621.0 |
               +--------+--------+--------+--------+--------+-----+--------+

Top non-repeatable levels by time:
  Lair:4: 2152 daAuts
     D:5: 1753 daAuts
     D:4: 1506 daAuts
     D:7: 1379 daAuts
    D:12: 1270 daAuts
     D:6: 1205 daAuts
  Lair:3: 1196 daAuts
    D:11: 1163 daAuts
     D:8: 1056 daAuts
     D:3: 1031 daAuts
  Lair:2: 934 daAuts
    D:10: 899 daAuts
  Lair:1: 865 daAuts
     D:2: 836 daAuts
     D:1: 673 daAuts
